 Dungeon Crawl Stone Soup version 0.26.1-2-gb8aa6d0cf2 (webtiles) character file.

Game seed: 5691469791018354543

213 Gadfly the Cudgeller (level 5, -9/50 HPs)
             Began as a Troll Delver on Feb 25, 2021.
             Mangled by a gnoll
             ... wielding a +0 halberd
              (11 damage)
             ... on level 3 of the Dungeon.
             The game lasted 00:02:32 (687 turns).

Gadfly the Cudgeller (Troll Delver)                  Turns: 687, Time: 00:02:33

Health: -9/50      AC:  6    Str: 21    XL:     5   Next: 59%
Magic:  4/4        EV: 10    Int:  6    God:
Gold:   27         SH:  0    Dex: 11    Spells: 4/4 levels left

rFire    . . .     SeeInvis .   a - +0 mace
rCold    . . .     Faith    .   (no shield)
rNeg     . . .     Spirit   .   b - +0 robe
rPois    .         Reflect  .   (helmet restricted)
rElec    .         Harm     .   (no cloak)
rCorr    .         Rampage  .   (gloves unavailable)
Will     .....                  (boots unavailable)
Stlth    ++........             (no amulet)
HPRegen  0.56/turn              (no ring)
MPRegen  0.09/turn              (no ring)

@: lethally poisoned (-9 -> -11)
A: large, unfitting armour, claws 3, regeneration 1, shaggy fur 1, tough skin 3
a: no special abilities


You were on level 3 of the Dungeon.
You visited 1 branch of the dungeon, and saw 4 of its levels.

You collected 27 gold pieces.

Inventory:

Hand Weapons
 a - a +0 mace (weapon)
Armour
 b - a +0 robe (worn)
Jewellery
 j - an uncursed ring of flight {unknown}
Wands
 g - a wand of digging (3)
Scrolls
 c - a scroll of fog
 e - a scroll of fear
Potions
 f - a potion of haste
 i - a potion of curing {unknown}


   Skills:
 - Level 2.4 Fighting
 + Level 2.8 Maces & Flails
 * Level 2.6 Armour
 - Level 1.5 Dodging
 - Level 2.7 Stealth
 * Level 2.4 Evocations


You had 4 spell levels left.
You didn't know any spells.
Your spell library was empty.

Dungeon Overview and Level Annotations

Branches:
Dungeon (6/15)
 Temple: D:4-7

Altars:

Annotations:
D:5 Eustachio


Innate Abilities, Weirdness & Mutations

You are too large for most types of armour.
You have claws for hands.
Your natural rate of healing is unusually fast.
You are covered in fur. (AC +1)
You have extremely tough skin. (AC +3)


Message History

The worker ant is heavily wounded.
You feel sick. The leopard gecko barely misses you.
The gnoll hits you with a +0 halberd!
* * * LOW HITPOINT WARNING * * *
The worker ant bites you.
* * * LOW HITPOINT WARNING * * *
You are more poisoned.
The worker ant poisons you!
You hit the worker ant but do no damage.
The worker ant is heavily wounded.
You feel sick. The leopard gecko barely misses you.
The worker ant barely misses you. The gnoll hits you with a +0 halberd.
* * * LOW HITPOINT WARNING * * *
The leopard gecko barely misses you. The worker ant closely misses you.
You barely miss the worker ant.
The worker ant is heavily wounded.
* * * LOW HITPOINT WARNING * * *
You feel sick. The leopard gecko misses you.
The gnoll hits you with a +0 halberd!
You die...

....... #...# #.#
#.# # ###.####.##
#........^.
####.(........
#gl...........
#@##..........
###B##..........
#.รท.............
######..........
#..........
#########.. ..


You could see a worker ant, a gnoll and a leopard gecko.

Vanquished Creatures
  A bullfrog (D:6)
  2 hounds
  An orc priest (D:5)
  A worker ant (D:3)
  2 adders (D:3)
  A shadow imp (D:5)
  An adder skeleton (D:5)
  2 orcs (D:5)
  A kobold (D:3)
  A leopard gecko zombie (D:5)
  A rat (D:3)
14 creatures vanquished.

Notes
Turn   | Place    | Note
-------+----------+-------------------------------------------
     0 | D:5      | Gadfly the Troll Delver began the quest for the Orb.
     0 | D:5      | Reached XP level 1. HP: 22/22 MP: 0/0
    11 | D:5      | Noticed Eustachio
    28 | D:5      | Noticed a crimson imp
    28 | D:5      | Noticed a crimson imp
    42 | D:5      | Noticed a quasit
    93 | D:5      | Noticed a sky beast
   120 | D:5      | Noticed a hound
   127 | D:5      | HP: 1/22 [hound (2)]
   131 | D:5      | Killed a hound
   132 | D:5      | Reached skill level 1 in Armour
   132 | D:5      | Reached skill level 1 in Evocations
   132 | D:5      | Reached XP level 2. HP: 5/29 MP: 1/1
   132 | D:5      | Reached XP level 3. HP: 6/36 MP: 2/2
   224 | D:6      | Noticed a bullfrog
   247 | D:5      | Reached XP level 4. HP: 18/44 MP: 3/3
   251 | D:6      | Killed a bullfrog
   252 | D:6      | Reached XP level 5. HP: 12/50 MP: 4/4
   618 | D:3      | You fall into a shaft and drop 3 floors!
   687 | D:3      | HP: 2/50 [poisoned by a worker ant]
   687 | D:3      | Mangled by a gnoll

Illustrated notes

Levels and vault maps discovered:
D:3:      layout_rooms, nzn_hepliaklqana_mist_gate, serial_glass,
          glass_columns_a, glass_columns_b, mrwooster_statue_mirror
D:4:      layout_rooms, chequers_ossuary_entry_cave, serial_shops,
          shop_fountains, shop, st_stairs_1, minmay_misc_feat_tower
D:5:      layout_gridville, serial_shops, nicolae_shop_statue_plus,
          grunt_tough_drop, uniq_eustachio
D:6:      layout_basic, pdpol_temple_overflow_zin_treasury_gozag_greed,
          nicolae_overflow_hidden_temple, temple_green, uniq_grinder

Skill      XL: |  1  2  3  4 |
---------------+-------------+-----
Maces & Flails | 2 |  2.8
Armour         | 1 2 |  2.6
Evocations     | 1 2 |  2.4
Fighting       | |  2.4
Dodging        | |  1.5
Stealth        | |  2.7

Action                   |  1- 3 |  4- 6 || total
-------------------------+-------+-------++-------
Melee: Mace              |    36 |    64 ||   100
  Use: Scroll            |       |     1 ||     1
       Potion            |       |     1 ||     1
 Stab: Distracted        |       |     1 ||     1
Armor: Robe              |    21 |    34 ||    55
       Skin              |       |     2 ||     2
Dodge: Dodged            |    59 |    67 ||   126
